 Dungeon Crawl Stone Soup version 0.22.1-1-ga44c0e5 (webtiles) character file.

4612 lysyklops the Spear-Bearer (level 10, 81/81 (84) HPs)
             Began as a Merfolk Gladiator on Sept 28, 2018.
             Quit the game on level 8 of the Dungeon.
             The game lasted 00:22:36 (10158 turns).

lysyklops the Spear-Bearer (Merfolk Gladiator)     Turns: 10158, Time: 00:22:37

HP:   81/81 (84)    AC:  4    Str: 15    XL:     10   Next: 42%
MP:   10/10         EV: 21    Int:  7    God:
Gold: 512           SH:  0    Dex: 19    Spells: 9/9 levels left

rFire    . . .     SeeInvis .   a - +0 trident
rCold    . . .     Gourm    .   (no shield)
rNeg     . . .     Faith    .   b - +0 leather armour
rPois    .         Spirit   .   c - +0 helmet
rElec    .         Reflect  .   (no cloak)
rCorr    .         Harm     .   (no gloves)
MR       .....                  (no boots)
Stlth    +.........             (no amulet)
HPRegen  0.23/turn              (no ring)
MPRegen  0.12/turn              (no ring)

@: starving
A: change form in water, swift swim, stealthy swim
a: no special abilities


You were on level 8 of the Dungeon.
You were starving.

You visited 2 branches of the dungeon, and saw 9 of its levels.

You collected 512 gold pieces.

Inventory:

Hand Weapons
 a - a +0 trident (weapon)
 v - a cursed -3 spear
Missiles
 d - 3 throwing nets (quivered)
Armour
 b - a +0 leather armour (worn)
 c - a +0 helmet (worn)
 C - a +1 cloak
Jewellery
 n - an uncursed ring of protection from cold {unknown}
 p - an uncursed ring of fire {unknown}
 w - a cursed ring of teleportation {unknown}
 E - a +2 ring of protection {unknown}
 G - a cursed ring of attention {unknown}
 I - an uncursed ring of stealth {unknown}
 K - an uncursed amulet of guardian spirit {unknown}
Wands
 u - a wand of acid (8)
 J - a wand of iceblast (7)
Scrolls
 g - 5 scrolls of identify {unknown}
 j - 5 scrolls of teleportation {unknown}
 l - 2 scrolls of fear {unknown}
 m - 6 scrolls of remove curse {unknown}
 q - 2 scrolls of random uselessness {unknown}
 t - 4 scrolls of amnesia {unknown}
 x - a scroll of immolation {unknown}
 y - a scroll of fog {unknown}
 z - a scroll of torment {unknown}
 F - 2 scrolls of enchant weapon {unknown}
Potions
 e - a potion of ambrosia {unknown}
 h - 3 potions of brilliance {unknown}
 i - 2 potions of lignification {unknown}
 k - 2 potions of haste
 o - a potion of heal wounds {unknown}
 r - 5 potions of curing {unknown}
 s - a potion of magic {unknown}
 A - 2 potions of berserk rage {unknown}
 B - 2 potions of agility {unknown}
 D - a potion of invisibility {unknown}
 H - 2 potions of degeneration {unknown}
Comestibles
 f - 17 rations


   Skills:
 + Level 9.7 Fighting
 + Level 12.6 Polearms
 - Level 2.1 Throwing
 + Level 11.7 Dodging


You had 9 spell levels left.
You didn't know any spells.
Your spell library contained the following spells:

 Spells                   Type           Power        Failure   Level  Hunger
 Magic Dart               Conj           #...         50%         1    ##.....
 Searing Ray              Conj           #.....       65%         2    ###....
 Dazzling Spray           Conj/Hex       #.....       86%         3    ####...
 Force Lance              Conj/Tloc      #.......     99%         4    #####..
 Fulminant Prism          Conj/Hex       #.........   99%         4    #####..
 Iskenderun's Mystic Bla  Conj           #.......     99%         4    #####..


Dungeon Overview and Level Annotations

Branches:
Dungeon (8/15)             Temple (1/1) D:7
   Lair: D:8-11

Altars:
Ashenzari
Cheibriados
Dithmenos
Elyvilon
Fedhas
Gozag
Hepliaklqana
Kikubaaqudgha
Makhleb
Nemelex Xobeh
Okawaru
Qazlal
Ru
Sif Muna
Trog
Uskayaw
Wu Jian
Xom
Yredelemnul
Zin

Shops:
D:5 %


Message History

The hippogriff is almost dead.
You hit the hippogriff.
The hippogriff is almost dead.
The hippogriff completely misses you. The hippogriff misses you.
The hippogriff claws you.
You puncture the hippogriff!
You kill the hippogriff!
You see here a leather armour.
You see here a hunting sling.
You see here a leather armour.
You hit the butterfly.
You kill the butterfly!
You open the door.
There is an open door here.
Done exploring.
Done exploring.
There is an open door here.
You see here a leather armour.
You are starving!
Are you sure you want to abandon this character and quit the game? (Confirm

#.# #.# #.# #.# #.# #.#
#.# #.# #.# #.#
###[####.### #.#
#........... #)#
#.#..._..bb. #.#
#.#.#....###
#.#############.#.##...#
#........@......#)######
#################.# #.#
#.# #.# #.# #.# #.# #.#


There were no monsters in sight!

Vanquished Creatures
  A two-headed ogre (D:5)
  Pikel (D:7)
  A hippogriff (D:8)
  Grinder (D:6)
  A hungry ghost (D:7)
  A slave (D:7)
  An ice beast (D:6)
  2 necrophages
  An ogre (D:8)
  A phantom (D:8)
  4 centaurs
  5 big kobolds (D:5)
  Blork the orc (D:5)
  4 bullfrogs
  6 scorpions
  2 wyvern skeletons (D:8)
  3 crimson imps
  A quasit (D:8)
  5 hounds
  A jelly (D:5)
  3 orc priests
  A centaur skeleton (D:8)
  Natasha (thrice) (D:4)
  3 iguanas
  5 orc wizards
  4 worker ants
  A killer bee zombie (D:8)
  2 hound skeletons
  9 gnolls
  8 adders
  2 shadow imps
  An adder zombie (D:7)
  4 worms (D:2)
  3 dart slugs
  3 leopard geckos
  16 orcs
  A ball python (D:3)
  4 giant cockroaches
  43 goblins
  26 hobgoblins
  7 jackals
  A quokka (D:8)
  6 bats
  4 frilled lizards
  6 kobolds
  2 leopard gecko skeletons
  7 rats
  A butterfly (D:8)
219 creatures vanquished.

Vanquished Creatures (others)
  A giant cockroach (D:7)
1 creature vanquished.

Grand Total: 220 creatures vanquished

Notes
Turn   | Place    | Note
-------+----------+-------------------------------------------
     0 | D:1      | lysyklops the Merfolk Gladiator began the quest for the
                  | Orb.
     0 | D:1      | Reached XP level 1. HP: 16/16 MP: 1/1
   176 | D:1      | Reached XP level 2. HP: 23/23 MP: 2/2
   739 | D:2      | Reached XP level 3. HP: 28/28 MP: 3/3
   794 | D:2      | Reached skill level 5 in Polearms
  1460 | D:3      | Reached XP level 4. HP: 35/35 MP: 4/4
  1508 | D:3      | Reached skill level 5 in Dodging
  1551 | D:3      | Reached XP level 5. HP: 20/41 MP: 5/5
  1921 | D:3      | Reached skill level 6 in Polearms
  2661 | D:3      | Found a deep blue altar of Sif Muna.
  3442 | D:4      | Reached XP level 6. HP: 30/48 MP: 6/6
  3794 | D:4      | Reached skill level 7 in Polearms
  3847 | D:4      | Noticed Natasha
  3865 | D:4      | Killed Natasha
  4032 | D:4      | Reached XP level 7. HP: 43/55 MP: 7/7
  4157 | D:4      | Reached skill level 5 in Fighting
  4399 | D:4      | Noticed Natasha
  4404 | D:4      | Killed Natasha
  4440 | D:4      | Noticed Natasha
  4449 | D:4      | Killed Natasha
  4456 | D:5      | Entered Level 5 of the Dungeon
  4830 | D:5      | Reached skill level 8 in Polearms
  4861 | D:5      | Found a shadowy altar of Dithmenos.
  4945 | D:5      | Reached XP level 8. HP: 53/64 MP: 8/8
  5080 | D:5      | Noticed Blork the orc
  5126 | D:5      | Killed Blork the orc
  5126 | D:5      | Reached skill level 9 in Polearms
  5407 | D:5      | Noticed Grinder
  5611 | D:5      | Noticed a two-headed ogre
  5801 | D:5      | Found Terchajale's Food Boutique.
  6570 | D:5      | Killed a two-headed ogre
  6570 | D:5      | Reached skill level 10 in Polearms
  6570 | D:5      | Reached XP level 9. HP: 37/72 MP: 9/9
  7154 | D:6      | Found a bloodstained altar of Trog.
  7268 | D:6      | Found a shattered altar of Ashenzari.
  7269 | D:6      | Found a hazy altar of Hepliaklqana.
  7299 | D:6      | Found a hide-covered altar of Uskayaw.
  7301 | D:6      | Found a glowing silver altar of Zin.
  7314 | D:6      | Reached skill level 10 in Dodging
  7316 | D:6      | Found an opulent altar of Gozag.
  7316 | D:6      | Found a stormy altar of Qazlal.
  7325 | D:6      | Found the +9 sword of Zonguldrok {reap}
  7349 | D:6      | Reached skill level 11 in Polearms
  7552 | D:6      | Found an ornate altar of the Wu Jian Council.
  7786 | D:6      | Paralysed by Grinder for 3 turns
  7798 | D:6      | Killed Grinder
  8026 | D:7      | Found a staircase to the Ecumenical Temple.
  8037 | Temple   | Entered the Ecumenical Temple
  8335 | D:7      | Noticed Pikel
  8477 | D:7      | Killed Pikel
  8477 | D:7      | Reached skill level 12 in Polearms
  8477 | D:7      | Reached XP level 10. HP: 28/80 MP: 10/10
  9105 | D:8      | Found a shimmering altar of Xom.
 10158 | D:8      | Quit the game

Skill      XL: |  1  2  3  4  5  6  7  8  9 |
---------------+----------------------------+-----
Polearms       | 5 6 7 8 10 12 | 12.6
Fighting       | 3 4 5 7 9 |  9.7
Dodging        | 5 6 7 9 11 | 11.7
Throwing       | |  2.1

Action                   |  1- 3 |  4- 6 |  7- 9 | 10-12 || total
-------------------------+-------+-------+-------+-------++-------
Melee: Trident           |   104 |   221 |   540 |   192 ||  1057
       Tailslap          |       |       |     9 |       ||     9
 Stab: Sleeping          |     1 |     5 |     1 |     2 ||     9
  Eat: Chunk             |     2 |     8 |    15 |     4 ||    29
Armor: Leather armour    |     9 |    18 |    33 |    11 ||    71
Dodge: Dodged            |    46 |   134 |   279 |    83 ||   542
